Map: Blackpink LE

Players

GetRektSon - Winner!

  • Race: Protoss Protoss
  • League: Platinum
  • Spawn Location: 1:00

GoAlone

  • Race: Terran Terran
  • League: Diamond
  • Spawn Location: 7:00

VOD

Have the link to the VOD?

Description

Time

  • Played on: Nov. 30, 2017, 11:05 a.m.
  • Length: 12:13
Show
View Real Time Build Order
Export as new Build Order

GetRektSon Protoss - Winner!

Build Orders: 1 Gate Expand 

Get SALT Encoding   

  12  0:04  Probe  
  13  0:16  Probe  
  13  0:19  Pylon  
  15  0:28  Probe (Chrono Boost)  
  15  0:40  Probe (Chrono Boost)  
  16  0:47  Gateway, Probe (Chrono Boost)  
  17  0:56  Probe (Chrono Boost)  
  18  0:58  Assimilator  
  18  1:08  Probe (Chrono Boost)  
  19  1:15  Probe (Chrono Boost)  
  20  1:22  Probe  
  21  1:35  Nexus  
  21  1:42  Cybernetics Core  
  21  1:44  Probe  
  22  1:58  Pylon  
  22  2:00  Probe  
  23  2:16  Probe  
  23  2:18  Stalker (Chrono Boost), Warp Gate  
  26  2:28  Probe  
  27  2:38  Stalker  
  27  2:40  Probe  
  29  3:26  Stalker (Chrono Boost)  
  31  3:32  Probe x2  
  33  3:44  Probe x2  
  33  3:45  Pylon  
  33  3:46  Stalker  
  37  3:56  Shield Battery x2, Probe x2  
  39  4:04  Assimilator  
  39  4:10  Gateway  
  39  4:12  Gateway  
  39  4:14  Probe x2  
  41  4:26  Probe x2  
  43  4:38  Probe x2  
  45  4:43  Nexus  
  45  4:44  Gateway x2  
  45  4:50  Probe x2  
  45  4:52  Stalker  
  49  4:57  Pylon  
  49  5:07  Probe x2  
  49  5:14  Assimilator  
  51  5:16  Stalker x2  
  51  5:19  Probe x2  
  51  5:20  Stalker  
  59  5:31  Probe x2  
  61  5:43  Pylon, Probe  
  61  5:46  Pylon  
  61  5:48  Pylon  
  62  5:55  Probe x2  
  64  5:59  Probe  
  65  6:07  Probe  
  66  6:11  Probe  
  66  6:12  Probe  
  66  6:14  Stalker x3  
  66  6:15  Stalker  
  66  6:16  Stalker  
  78  6:19  Probe  
  78  6:23  Pylon, Probe  
  78  6:24  Probe  
  81  6:30  Pylon  
  81  6:31  Probe  
  81  6:32  Pylon  
  82  6:35  Probe  
  82  6:36  Probe  
  84  6:41  Stalker x2  
  84  6:42  Stalker x3  
  84  6:43  Probe  
  95  6:52  Forge x2  
  95  6:55  Pylon  
  95  6:56  Probe x3  
  98  7:01  Assimilator  
  98  7:13  Shield Battery  
  98  7:15  Shield Battery  
  98  7:16  Stalker x2  
  98  7:17  Stalker  
  98  7:18  Stalker x2  
  108  7:27  Probe x3  
  111  7:31  Assimilator  
  111  7:41  Stalker x3  
  111  7:42  Stalker  
  111  7:43  Stalker  
  121  7:45  Protoss Ground Weapons Level 1 (Chrono Boost)  
  121  7:47  Protoss Ground Armor Level 1 (Chrono Boost)  
  121  7:59  Twilight Council  
  103  8:06  Stalker x2  
  91  8:16  Stalker  
  91  8:17  Stalker x2  
  89  8:35  Stalker  
  89  8:36  Stalker  
  89  8:40  Blink  
  93  8:45  Stalker x3  
  99  8:51  Gateway  
  99  8:53  Gateway  
  99  8:55  Gateway  
  99  8:57  Gateway  
  99  9:01  Gateway  
  99  9:07  Stalker x2  
  103  9:10  Zealot  
  103  9:11  Zealot x2  
  109  9:19  Assimilator  
  109  9:36  Stalker x5  
  119  9:46  Protoss Ground Weapons Level 2 (Chrono Boost)  
  119  9:53  Protoss Ground Armor Level 2 (Chrono Boost)  
  119  9:59  Pylon  
  119  10:03  Pylon  
  119  10:09  Zealot x3  
  125  10:15  Pylon  
  125  10:17  Pylon  
  125  10:18  Pylon  
  125  10:20  Stalker x4  
  125  10:21  Pylon, Stalker  
  133  10:22  Zealot  
  133  10:23  Zealot  
  139  10:31  Charge  
  139  10:39  Zealot x2  
  139  10:40  Zealot  
  145  10:51  Stalker  
  145  10:52  Stalker x6  
  145  10:54  Nexus  
  145  10:56  Pylon  
  159  11:00  Pylon  
  159  11:02  Stalker x3  
  165  11:21  Stalker x5  
  165  11:22  Zealot  
  165  11:23  Zealot  
  179  11:44  Stalker x5  
  187  11:57  Stalker x3  
  187  11:58  Stalker x2  
Show
View Real Time Build Order
Export as new Build Order

GoAlone Terran 

Build Orders: Reaper Expand 

Get SALT Encoding   

  12  0:01  SCV  
  13  0:13  Supply Depot  
  13  0:20  SCV  
  14  0:32  SCV  
  15  0:36  Barracks  
  15  0:44  SCV  
  15  0:46  Refinery  
  16  0:59  SCV  
  17  1:11  SCV  
  18  1:23  SCV  
  19  1:27  Supply Depot  
  19  1:29  Reaper  
  20  1:43  Command Center  
  20  1:53  Orbital Command  
  20  2:01  Marine  
  21  2:19  Factory  
  21  2:25  SCV, Refinery  
  21  2:26  Supply Depot  
  21  2:28  Marine  
  23  2:42  SCV  
  24  2:45  Marine  
  25  2:55  SCV  
  27  3:07  SCV  
  26  3:17  Factory Reactor  
  25  3:24  Starport  
  25  3:26  SCV  
  26  3:30  Orbital Command  
  26  3:38  SCV  
  27  3:43  Barracks Tech Lab  
  27  3:46  Engineering Bay  
  27  3:47  Engineering Bay  
  27  3:50  Barracks, SCV  
  28  3:58  Cyclone  
  28  4:02  SCV x2  
  33  4:10  Starport Reactor  
  33  4:12  Cyclone  
  33  4:14  Barracks, SCV x2  
  38  4:19  Marine  
  39  4:26  SCV  
  39  4:28  Supply Depot  
  39  4:31  SCV  
  41  4:33  Terran Infantry Weapons Level 1  
  41  4:37  Marine  
  41  4:38  SCV  
  43  4:41  Barracks Reactor  
  43  4:46  SCV  
  43  4:50  SCV  
  43  4:51  Supply Depot  
  45  4:54  Marine  
  45  4:58  Stimpack  
  45  4:59  SCV  
  47  5:04  SCV  
  48  5:07  Refinery  
  48  5:10  Refinery  
  48  5:11  SCV  
  48  5:12  Marine  
  48  5:14  Supply Depot  
  51  5:16  SCV  
  51  5:18  Barracks Reactor  
  51  5:19  Marine x2  
  53  5:22  Terran Infantry Armor Level 1  
  53  5:29  SCV x2  
  53  5:30  Marine  
  56  5:36  Medivac  
  56  5:37  Marine x2  
  56  5:41  Hellion x2, SCV x2  
  66  5:46  Supply Depot  
  66  5:53  SCV  
  66  5:56  Marine x5  
  71  6:01  Supply Depot  
  71  6:08  Missile Turret  
  71  6:09  Medivac x2  
  75  6:13  Marine  
  75  6:14  Marine x2  
  78  6:21  Supply Depot x2  
  78  6:22  Marine x2  
  80  6:31  Marine x2  
  80  6:32  Marine  
  83  6:34  Armory  
  83  6:40  Missile Turret, Marine x2, Supply Depot  
  83  6:41  SCV  
  83  6:44  Supply Depot  
  86  6:48  SCV  
  86  6:50  Marine  
  86  6:53  SCV  
  89  6:58  Liberator  
  89  7:00  SCV  
  90  7:02  Liberator  
  90  7:05  SCV  
  90  7:06  Supply Depot  
  90  7:08  Marine x4  
  91  7:09  Marine  
  102  7:26  Marine x3  
  102  7:27  Terran Infantry Weapons Level 2  
  105  7:39  Missile Turret  
  105  7:43  Command Center  
  105  7:48  Supply Depot  
  93  8:09  Marine  
  93  8:10  Marine x4  
  69  8:27  Marine  
  69  8:28  Marine x4  
  69  8:34  Cyclone x2  
  74  8:45  Marine x4  
  74  8:46  Marine  
  79  8:51  Barracks  
  79  8:52  Barracks  
  79  8:57  Barracks  
  79  9:01  Orbital Command  
  79  9:03  Marine x5, SCV x2  
  79  9:06  Cyclone  
  89  9:15  SCV x2  
  91  9:21  Marine x5  
  91  9:22  Liberator x2  
  96  9:27  SCV  
  96  9:35  Cyclone  
  96  9:38  Marine, Cyclone  
  102  9:39  Marine  
  110  9:46  Barracks Tech Lab x3  
  110  9:50  Terran Infantry Armor Level 2  
  110  9:56  Supply Depot  
  110  9:58  SCV x3  
  113  10:01  Marauder  
  113  10:03  Marine  
  116  10:07  Cyclone  
  116  10:10  SCV, Cyclone  
  123  10:21  Marine x2  
  125  10:22  Marauder x3  
  125  10:23  Marauder  
  133  10:32  Supply Depot  
  133  10:38  Marine x2  
  133  10:39  Hellbat  
  133  10:42  Hellbat  
  139  10:44  Marauder x4  
  147  11:05  Marauder x2, Cyclone x2  
  147  11:07  Marauder x2  
  161  11:26  Marauder x2  
  165  11:36  Command Center  
Tags
 
Add a new tag
Caveats
  • Supply blocks, unpowered buildings, or Contaminate may cause inaccurate times.
  • Supply counts are checked every 10 seconds.